 Dungeon Crawl Stone Soup version 0.22.1-1-ga44c0e5 (webtiles) character file.

16655 ghjkl the Blocker (level 12, 0/97 HPs)
             Began as a Gnoll Fighter on Oct 6, 2018.
             Was a Believer of Ashenzari.
             Slain by an ice devil (10 damage)
             ... on level 4 of the Lair of Beasts.
             The game lasted 00:52:24 (16461 turns).

ghjkl the Blocker (Gnoll Fighter)                  Turns: 16461, Time: 00:52:28

Health: 0/97       AC: 13    Str: 22    XL:     12   Next: 39%
Magic:  31/31      EV: 15    Int: 12    God:    Ashenzari [**....]
Gold:   129        SH: 14    Dex: 15    Spells: 25/25 levels left

rFire    . . .     SeeInvis .   a - +0 war axe
rCold    . . .     Gourm    .   I - +1 shield {rN+} (curse)
rNeg     + . .     Faith    .   y - +0 ring mail "Aracuolaif" {Slay+4} (curse)
rPois    .         Spirit   .   r - +1 helmet
rElec    .         Reflect  .   i - +0 cloak
rCorr    .         Harm     .   z - +0 pair of gloves (curse)
MR       .....                  A - +0 pair of boots
Stlth    ++++......             (no amulet)
HPRegen  0.26/turn              G - ring of stealth
MPRegen  0.22/turn              k - ring of magical power

@: no status effects
A: distributed training, fangs 1, strong nose
a: Curse Item, Scrying, Renounce Religion


You were on level 4 of the Lair of Beasts.
You worshipped Ashenzari.
Ashenzari was pleased with you.
You were not hungry.

You visited 3 branches of the dungeon, and saw 19 of its levels.
You also visited: Ossuary.

You collected 144 gold pieces.
You spent 15 gold pieces at shops.

Inventory:

Hand Weapons
 a - a +0 war axe (weapon)
 w - a +2 dagger of venom
Missiles
 j - 5 tomahawks (quivered)
Armour
 d - quicksilver dragon scales
 i - a +0 cloak (worn)
 r - a +1 helmet (worn)
 y - the cursed +0 ring mail "Aracuolaif" (worn) {Slay+4}
   (You took it off an orc on level 5 of the Dungeon)

   It affects your accuracy and damage with ranged weapons and melee attacks
   (+4).
   It has a curse placed upon it.
 z - a cursed +0 pair of gloves (worn)
 A - a +0 pair of boots (worn)
 I - a cursed +1 shield of positive energy (worn)
Jewellery
 k - a ring of magical power (right hand)
 G - a ring of stealth (left hand)
Wands
 B - a wand of paralysis (16)
 E - a wand of clouds (1)
 J - a wand of iceblast (7)
 K - a wand of random effects (29)
Scrolls
 b - a scroll of enchant armour
 c - a scroll of enchant weapon {unknown}
 h - 4 scrolls of remove curse
 l - 2 scrolls of identify
 o - 6 scrolls of teleportation
 p - a scroll of fog
 u - 2 scrolls of amnesia
 C - a scroll of blinking
Potions
 e - a potion of mutation {unknown}
 g - 2 potions of ambrosia
 m - 3 potions of heal wounds
 n - 3 potions of lignification
 q - 2 potions of flight {unknown}
 s - a potion of agility {unknown}
 t - 2 potions of curing
 v - a potion of berserk rage {unknown}
 x - a potion of resistance {unknown}
 D - 3 potions of might
 H - a potion of brilliance {unknown}
Miscellaneous
 F - a phial of floods
Comestibles
 f - 13 rations
 L - 6 chunks of flesh


   Skills:
 + Level 9.7 Fighting
 + Level 7.1 Short Blades
 + Level 7.1 Long Blades
 + Level 8.5 Axes
 + Level 7.1 Maces & Flails
 + Level 7.1 Polearms
 + Level 7.1 Staves
 + Level 7.1 Slings
 + Level 7.1 Bows
 + Level 7.1 Crossbows
 + Level 7.1 Throwing
 + Level 9.7 Armour
 + Level 7.1 Dodging
 + Level 7.1 Stealth
 + Level 9.7(11.1) Shields
 + Level 7.1 Unarmed Combat
 + Level 7.1 Spellcasting
 + Level 5.9 Conjurations
 + Level 5.9 Hexes
 + Level 5.9 Charms
 + Level 5.9 Summonings
 + Level 5.9 Necromancy
 + Level 5.9 Translocations
 + Level 5.9 Transmutations
 + Level 5.9 Fire Magic
 + Level 5.9 Ice Magic
 + Level 5.9 Air Magic
 + Level 5.9 Earth Magic
 + Level 5.9 Poison Magic
 + Level 7.8 Invocations
 + Level 7.1 Evocations


You had 25 spell levels left.
You didn't know any spells.
Your spell library contained the following spells:

 Spells                   Type           Power        Failure   Level  Hunger
 Confusing Touch          Hex            ###...       3%          1    None
 Confuse                  Hex            ###.....     11%         3    ###....
 Gell's Gravitas          Tloc           ###.......   11%         3    ###....
 Petrify                  Tmut/Erth      ###.....     34%         4    ####...
 Irradiate                Conj/Tmut      ###.......   67%         5    ######.
 Metabolic Englaciation   Hex/Ice        ###.......   67%         5    ######.
 Yara's Violent Unravell  Hex/Tmut       ###.......   67%         5    ######.
 Hydra Form               Tmut           ###.......   99%         6    #######
 Statue Form              Tmut/Erth      ###......    99%         6    #######
 Dragon Form              Tmut           ###.......   100%        7    #######


Dungeon Overview and Level Annotations

Branches:
Dungeon (13/15)            Temple (1/1) D:7            Lair (5/6) D:9
  Swamp: Lair:2-4    Shoals: Lair:2-4     Snake: Lair:2-4    Spider: Lair:2-4
  Slime: Lair:5-6       Orc: D:9-12      Vaults: D:13-14

Altars:
Ashenzari
Cheibriados
Dithmenos
Elyvilon
Fedhas
Gozag
Hepliaklqana
Kikubaaqudgha
Makhleb
Nemelex Xobeh
Okawaru
Qazlal
Ru
Sif Muna
Trog
Uskayaw
Vehumet
Wu Jian
Xom
Yredelemnul
Zin
The Shining One

Shops:
D:4 =   D:5 (   D:6 [

Annotations:
D:9 Maurice
D:10 Nergalle
Lair:1 Fannar


Innate Abilities, Weirdness & Mutations

Your experience applies equally to all skills.
You have very sharp teeth.
Your uncanny sense of smell can sniff out nearby items.


Message History

The ice devil is heavily wounded.
You hit the ice devil but do no damage.
The ice devil hits you but does no damage.
The ice devil hits you. The ice devil freezes you!!
Your shield prevents you from hitting the ice devil.
The ice devil is lightly wounded.
You hit the ice devil but do no damage. The ice devil closely misses you.
The ice devil hits you. The ice devil freezes you!
* * * LOW HITPOINT WARNING * * *
You closely miss the ice devil.
The ice devil is lightly wounded.
You hit the ice devil. You block the ice devil's attack. x2
You closely miss the ice devil.
The ice devil is lightly wounded.
You hit the ice devil. The ice devil hits you.
* * * LOW HITPOINT WARNING * * *
The ice devil freezes you!
* * * LOW HITPOINT WARNING * * *
The ice devil hits you!
You die...

### ##.....#
#...(.......#
#.....##
#..........##
##.#'##
#.##.###.####
###.##########
##.# ,
#..#.P.#.## ##
* *##......#.#
≈ **
#.#'#P...# ,
,....###'#+# ≈
...... #4@.#
.......>*
##4##
........* #.#
........ ... *
.###.#.P *
.... * *
*.....# ,
*.....#
####### *


You could see 2 ice devils.

Vanquished Creatures
  A tengu warrior (D:11)
  A two-headed ogre (D:10)
  Pikel (D:9)
  4 elephants (Lair:2)
  A cyclops (D:10)
  Joseph (D:7)
  A spiny frog (Lair:3)
  A rime drake (Lair:2)
  A redback zombie (D:8)
  2 hellwings (D:8)
  A dream sheep (D:8)
  3 hippogriffs
  A wyvern (D:10)
  12 yaks
  Grum (D:9)
  A hungry ghost (D:10)
  Menkaure (D:7)
  3 nagas (Lair:3)
  Edmund (D:4)
  Duvessa (D:7)
  3 water moccasins
  9 porcupines
  A slave (D:9)
  5 black bears
  An orc warrior (D:7)
  A sky beast (D:10)
  3 ice beasts
  2 necrophages
  2 phantoms
  3 ogres
  12 wolves
  2 centaurs
  6 crocodiles
  6 bullfrogs
  A wyvern zombie (D:8)
  Blork the orc (D:5)
  2 scorpions
  A water moccasin zombie (D:10)
  Dowan (D:7)
  5 killer bees
  3 wights (D:5)
  2 howler monkeys (D:8)
  A bullfrog zombie (D:11)
  A quasit (D:8)
  6 centaur zombies
  3 jellies
  A bullfrog skeleton (D:5)
  2 centaur skeletons
  4 orc priests
  14 orc wizards
  3 iguanas
  9 worker ants
  5 mummies (Ossuary)
  A hound zombie (D:9)
  A hound skeleton (D:9)
  Robin (D:3)
  3 gnolls (D:5)
  8 adders
  8 shadow imps
  3 adder skeletons
  An adder zombie (D:6)
  5 worms
  3 dart slugs
  5 leopard geckos
  39 orcs
  3 ball pythons
  2 giant cockroaches
  A gnoll zombie (Ossuary)
  16 goblins
  9 hobgoblins
  16 jackals
  7 kobolds
  3 quokkas
  9 bats
  9 frilled lizards
  A goblin zombie (Ossuary)
  A hobgoblin zombie (Ossuary)
  A kobold zombie (Ossuary)
  An orc zombie (Ossuary)
  8 rats
325 creatures vanquished.

Vanquished Creatures (others)
  A slave (D:9)
  An adder (D:9)
  3 fungi
  6 plants
11 creatures vanquished.

Grand Total: 336 creatures vanquished

Notes
Turn   | Place    | Note
-------+----------+-------------------------------------------
     0 | D:1      | ghjkl the Gnoll Fighter began the quest for the Orb.
     0 | D:1      | Reached XP level 1. HP: 23/23 MP: 1/1
    49 | D:1      | Reached XP level 2. HP: 21/29 MP: 2/2
   237 | D:2      | Reached XP level 3. HP: 29/35 MP: 3/3
   332 | D:2      | Found a faded altar of an unknown god.
   335 | D:2      | Reached skill level 1 in Invocations
   438 | D:3      | Reached skill level 1 in Short Blades
   438 | D:3      | Reached skill level 1 in Long Blades
   438 | D:3      | Reached skill level 1 in Maces & Flails
   438 | D:3      | Reached skill level 1 in Polearms
   438 | D:3      | Reached skill level 1 in Staves
   438 | D:3      | Reached skill level 1 in Slings
   438 | D:3      | Reached skill level 1 in Bows
   438 | D:3      | Reached skill level 1 in Crossbows
   438 | D:3      | Reached skill level 1 in Throwing
   438 | D:3      | Reached skill level 1 in Dodging
   438 | D:3      | Reached skill level 1 in Stealth
   438 | D:3      | Reached skill level 1 in Unarmed Combat
   438 | D:3      | Reached skill level 1 in Spellcasting
   438 | D:3      | Reached skill level 1 in Evocations
   511 | D:3      | Reached XP level 4. HP: 41/41 MP: 5/5
   779 | D:3      | Reached skill level 1 in Conjurations
   779 | D:3      | Reached skill level 1 in Hexes
   779 | D:3      | Reached skill level 1 in Charms
   779 | D:3      | Reached skill level 1 in Summonings
   779 | D:3      | Reached skill level 1 in Necromancy
   779 | D:3      | Reached skill level 1 in Translocations
   779 | D:3      | Reached skill level 1 in Transmutations
   779 | D:3      | Reached skill level 1 in Fire Magic
   779 | D:3      | Reached skill level 1 in Ice Magic
   779 | D:3      | Reached skill level 1 in Air Magic
   779 | D:3      | Reached skill level 1 in Earth Magic
   779 | D:3      | Reached skill level 1 in Poison Magic
   974 | D:5      | Entered Level 5 of the Dungeon
  1056 | D:4      | Reached XP level 5. HP: 31/47 MP: 5/7
  1101 | D:4      | Found a sand-covered staircase.
  1124 | Ossuary  | Entered an ossuary
  1396 | Ossuary  | Reached XP level 6. HP: 31/53 MP: 8/8
  1779 | Ossuary  | Reached skill level 5 in Axes
  2714 | D:3      | Noticed Robin
  2727 | D:3      | Killed Robin
  2728 | D:3      | Reached XP level 7. HP: 51/59 MP: 10/10
  3555 | D:5      | Found Wimoit's Antique Weapon Boutique.
  3891 | D:5      | Reached XP level 8. HP: 51/67 MP: 12/12
  4273 | D:5      | Got a polished ring mail
  4628 | D:4      | Found Ecib's Jewellery Emporium.
  4663 | D:4      | Noticed Edmund
  4697 | D:4      | Killed Edmund
  4948 | D:4      | Identified the cursed +0 ring mail "Aracuolaif" {Slay+4}
                  | (You took it off an orc on level 5 of the Dungeon)
  4985 | D:5      | Noticed Blork the orc
  4999 | D:5      | Killed Blork the orc
  5328 | D:6      | Found Nunk's Armour Shop.
  5410 | D:6      | Bought a cursed +0 pair of gloves for 15 gold pieces
  5770 | D:6      | Reached XP level 9. HP: 53/72 MP: 14/14
  5910 | D:7      | Noticed Menkaure
  6038 | D:7      | Noticed Joseph
  6056 | D:7      | Killed Joseph
  6656 | D:7      | Noticed Dowan
  6657 | D:7      | Noticed Duvessa
  6668 | D:7      | Killed Dowan
  6671 | D:7      | Killed Duvessa
  7016 | D:7      | Found a staircase to the Ecumenical Temple.
  7028 | Temple   | Entered the Ecumenical Temple
  7125 | Temple   | Became a worshipper of Ashenzari the Shackled
  7472 | D:7      | Killed Menkaure
  7846 | D:7      | Reached skill level 5 in Invocations
  8412 | D:10     | Entered Level 10 of the Dungeon
  8416 | D:10     | Noticed a troll
  8475 | D:8      | Noticed a hellwing
  8499 | D:8      | Reached XP level 10. HP: 49/80 MP: 17/17
  8791 | D:9      | Noticed Maurice
  8797 | D:9      | Noticed Pikel
  8815 | D:9      | Killed Pikel
  8829 | D:9      | Paralysed by something for 2 turns
  9122 | D:8      | Found a bloodstained altar of Trog.
  9156 | D:8      | Reached skill level 5 in Short Blades
  9156 | D:8      | Reached skill level 5 in Long Blades
  9156 | D:8      | Reached skill level 5 in Maces & Flails
  9156 | D:8      | Reached skill level 5 in Polearms
  9156 | D:8      | Reached skill level 5 in Staves
  9156 | D:8      | Reached skill level 5 in Slings
  9156 | D:8      | Reached skill level 5 in Bows
  9156 | D:8      | Reached skill level 5 in Crossbows
  9156 | D:8      | Reached skill level 5 in Throwing
  9156 | D:8      | Reached skill level 5 in Dodging
  9156 | D:8      | Reached skill level 5 in Stealth
  9156 | D:8      | Reached skill level 5 in Unarmed Combat
  9156 | D:8      | Reached skill level 5 in Spellcasting
  9156 | D:8      | Reached skill level 5 in Evocations
  9503 | D:8      | Noticed a three-headed hydra
 10693 | D:8      | HP: 2/82 [hellwing (7)]
 10694 | D:8      | Reached XP level 11. HP: 2/87 MP: 19/19
 11156 | D:9      | Found a glowing golden altar of the Shining One.
 11194 | D:9      | Paralysed by Maurice for 5 turns
 11205 | D:9      | Paralysed by something for 3 turns
 11277 | D:10     | Noticed a two-headed ogre
 11285 | D:10     | Killed a two-headed ogre
 11428 | D:10     | Noticed Nergalle
 11706 | D:13     | Noticed a centaur warrior
 11800 | D:11     | Noticed a tengu warrior
 11822 | D:11     | Killed a tengu warrior
 11822 | D:11     | Reached skill level 5 in Conjurations
 11822 | D:11     | Reached skill level 5 in Hexes
 11822 | D:11     | Reached skill level 5 in Charms
 11822 | D:11     | Reached skill level 5 in Summonings
 11822 | D:11     | Reached skill level 5 in Necromancy
 11822 | D:11     | Reached skill level 5 in Translocations
 11822 | D:11     | Reached skill level 5 in Transmutations
 11822 | D:11     | Reached skill level 5 in Fire Magic
 11822 | D:11     | Reached skill level 5 in Ice Magic
 11822 | D:11     | Reached skill level 5 in Air Magic
 11822 | D:11     | Reached skill level 5 in Earth Magic
 11822 | D:11     | Reached skill level 5 in Poison Magic
 12578 | D:10     | Noticed a cyclops
 12596 | D:10     | Killed a cyclops
 12639 | D:10     | Reached * piety under Ashenzari
 12695 | D:9      | Found a staircase to the Lair.
 12695 | D:9      | Noticed Grum
 12709 | D:9      | Killed Grum
 13203 | Lair:1   | Entered Level 1 of the Lair of Beasts
 13258 | Lair:1   | Noticed Fannar
 13890 | Lair:1   | Identified the cursed +0 robe of Ushotyv {rCorr}
 14195 | Lair:1   | Noticed an eight-headed hydra
 14799 | Lair:2   | Found a shattered altar of Ashenzari.
 14859 | Lair:2   | Reached XP level 12. HP: 67/96 MP: 22/22
 15233 | Lair:3   | Reached ** piety under Ashenzari
 16461 | Lair:4   | Slain by an ice devil

Skill      XL: |  1  2  3  4  5  6  7  8  9 10 11 12 |
---------------+-------------------------------------+-----
Invocations    | 1 2 3 4 5 6 7 |  7.8
Short Blades   | 1 2 3 4 5 6 7 |  7.1
Long Blades    | 1 2 3 4 5 6 7 |  7.1
Maces & Flails | 1 2 3 4 5 6 7 |  7.1
Polearms       | 1 2 3 4 5 6 7 |  7.1
Staves         | 1 2 3 4 5 6 7 |  7.1
Slings         | 1 2 3 4 5 6 7 |  7.1
Bows           | 1 2 3 4 5 6 7 |  7.1
Crossbows      | 1 2 3 4 5 6 7 |  7.1
Throwing       | 1 2 3 4 5 6 7 |  7.1
Dodging        | 1 2 3 4 5 6 7 |  7.1
Stealth        | 1 2 3 4 5 6 7 |  7.1
Unarmed Combat | 1 2 3 4 5 6 7 |  7.1
Spellcasting   | 1 2 3 4 5 6 7 |  7.1
Evocations     | 1 2 3 4 5 6 7 |  7.1
Conjurations   | 1 2 3 4 5 |  5.9
Hexes          | 1 2 3 4 5 |  5.9
Charms         | 1 2 3 4 5 |  5.9
Summonings     | 1 2 3 4 5 |  5.9
Necromancy     | 1 2 3 4 5 |  5.9
Translocations | 1 2 3 4 5 |  5.9
Transmutations | 1 2 3 4 5 |  5.9
Fire Magic     | 1 2 3 4 5 |  5.9
Ice Magic      | 1 2 3 4 5 |  5.9
Air Magic      | 1 2 3 4 5 |  5.9
Earth Magic    | 1 2 3 4 5 |  5.9
Poison Magic   | 1 2 3 4 5 |  5.9
Axes           | 5 6 7 8 |  8.5
Fighting       | 7 8 9 |  9.7
Armour         | 7 8 9 |  9.7
Shields        | 7 8 9 |  9.7

Action                   |  1- 3 |  4- 6 |  7- 9 | 10-12 || total
-------------------------+-------+-------+-------+-------++-------
Melee: War axe           |    99 |   183 |   347 |   667 ||  1296
       Bite              |    10 |    15 |    53 |    88 ||   166
Throw: Tomahawk          |       |       |    12 |    20 ||    32
Invok: Curse Item        |       |       |       |     1 ||     1
Evoke: Wand              |       |       |     2 |     1 ||     3
  Use: Scroll            |       |    12 |     6 |     7 ||    25
       Potion            |       |       |     3 |     3 ||     6
 Stab: Sleeping          |       |       |     2 |     4 ||     6
       Distracted        |       |       |       |     1 ||     1
  Eat: Chunk             |       |     3 |    14 |     7 ||    24
       Ration            |       |     1 |     1 |     7 ||     9
Armor: Scale mail        |    30 |    54 |    49 |       ||   133
       Ring mail         |       |       |    59 |   264 ||   323
Dodge: Dodged            |    29 |    63 |   171 |   328 ||   591
Block: Shield            |    54 |   111 |   220 |   502 ||   887
